 Dungeon Crawl Stone Soup version 0.25-a0-265-g7af84ae (webtiles) character file.

Game seed: 15041830386294085224, levelgen mode: deterministic

1540 Birdy the Bolt Thrower (level 8, -6/70 HPs)
             Began as a Purple Draconian Hunter on Dec 9, 2019.
             Mangled by a killer bee (7 damage)
             ... on level 7 of the Dungeon.
             The game lasted 00:12:07 (5151 turns).

Birdy the Bolt Thrower (Purple Draconian Hunter)    Turns: 5151, Time: 00:12:08

Health: -6/70      AC:  7    Str: 16    XL:     8   Next: 56%
Magic:  8/8        EV: 14    Int: 12    God:
Gold:   366        SH:  0    Dex: 12    Spells: 7/7 levels left

rFire    + + .     SeeInvis .     - Unarmed
rCold    + + .     Gourm    .   (no shield)
rNeg     . . .     Faith    .   (armour unavailable)
rPois    +         Spirit   .   (helmet restricted)
rElec    +         Reflect  .   q - +0 cloak
rCorr    +         Harm     .   (no gloves)
MR       +....                  (no boots)
Stlth    +.........             (no amulet)
HPRegen  0.21/turn              h - ring of protection from fire
MPRegen  0.11/turn              p - ring of protection from cold

@: lethally poisoned (-6 -> -9), short of breath, resistant, very slightly
contaminated, hasted, very quick
A: breathe power, unfitting armour, cold-blooded, AC +6
a: Breathe Dispelling Energy


You were on level 7 of the Dungeon.
You were not hungry.

You visited 2 branches of the dungeon, and saw 8 of its levels.

You collected 366 gold pieces.

Inventory:

Hand Weapons
 a - a +1 hand crossbow
Missiles
 c - 34 bolts
Armour
 q - a +0 cloak (worn)
Jewellery
 h - a ring of protection from fire (left hand)
 p - a ring of protection from cold (right hand)
 r - an uncursed amulet of rage {unknown}
 u - an uncursed amulet of guardian spirit
Wands
 g - a wand of acid (6)
 j - a wand of clouds (5)
 o - a wand of polymorph (10)
Scrolls
 b - 4 scrolls of fear
 e - a scroll of enchant weapon
 k - 2 scrolls of blinking
 l - 4 scrolls of teleportation
 n - a scroll of magic mapping
 s - a scroll of remove curse {unknown}
 v - a scroll of enchant armour {unknown}
Potions
 f - a potion of magic
Comestibles
 d - 10 rations
 t - 2 chunks of flesh


   Skills:
 + Level 6.1 Fighting
 + Level 6.3 Crossbows
 + Level 5.0 Dodging
 - Level 0.8 Stealth
 + Level 5.0 Unarmed Combat


You had 7 spell levels left.
You didn't know any spells.
Your spell library was empty.

Dungeon Overview and Level Annotations

Branches:
Dungeon (7/15)             Temple (1/1) D:6

Altars:
Ashenzari
Cheibriados
Dithmenos
Fedhas
Gozag
Hepliaklqana
Kikubaaqudgha
Makhleb
Okawaru
Qazlal
Ru
Trog
Uskayaw
Vehumet
Wu Jian
Xom
Yredelemnul
Zin
The Shining One

Shops:
D:6 :


Innate Abilities, Weirdness & Mutations

You can breathe bolts of dispelling energy.
Your rich purple scales are hard. (AC +6)
You cannot fit into any form of body armour.
You are cold-blooded and may be slowed by cold attacks.


Message History

You feel sick.
There is a stone staircase leading down here.
* * * LOW HITPOINT WARNING * * *
You feel sick.
You climb downwards.
* * * LOW HITPOINT WARNING * * *
You feel sick.
The killer bee buzzes angrily.
The killer bee closely misses you. The killer bee barely misses you.
There is a stone staircase leading up, spattered with blood here.
Unknown command.
The killer bee stings you but does no damage.
* * * LOW HITPOINT WARNING * * *
You feel sick. The killer bee completely misses you. The killer bee stings you.
* * * LOW HITPOINT WARNING * * *
You see here 2 bolts.
* * * LOW HITPOINT WARNING * * *
You feel sick. The killer bee stings you!
You die...

#. #### #..
##### ...
#..#<..##.# #
#......(..#.#
#...........#
#.>....y@#..#
###....y(# ##
#......#
########


You could see 2 killer bees.

Vanquished Creatures
  Pikel (D:6)
  Eustachio (D:6)
  2 slaves (D:6)
  An ogre (D:4)
  A centaur (D:6)
  A bullfrog (D:6)
  3 scorpions (D:6)
  A killer bee (D:6)
  A jelly (D:6)
  A bullfrog skeleton (D:2)
  4 hounds
  2 orc priests
  An orc wizard (D:5)
  2 iguanas (D:6)
  3 worker ants
  A worker ant zombie (D:2)
  6 adders
  A shadow imp (D:5)
  An ooze (D:3)
  An adder skeleton (D:4)
  2 worms
  2 dart slugs (D:2)
  2 leopard geckos
  16 orcs
  4 giant cockroaches
  7 goblins
  5 hobgoblins
  4 kobolds
  2 quokkas
  A ball python zombie (D:5)
  9 bats
  3 frilled lizards
  A quokka skeleton (D:4)
  5 rats
98 creatures vanquished.

Vanquished Creatures (others)
  An ogre (D:6)
  A bullfrog skeleton (D:6)
  A centaur skeleton (D:6)
  A hound zombie (D:6)
  An adder (D:6)
  An adder zombie (D:6)
6 creatures vanquished.

Grand Total: 104 creatures vanquished

Notes
Turn   | Place    | Note
-------+----------+-------------------------------------------
     0 | D:1      | Birdy the Draconian Hunter began the quest for the Orb.
     0 | D:1      | Reached XP level 1. HP: 17/17 MP: 1/1
   340 | D:1      | Reached XP level 2. HP: 24/24 MP: 2/2
   824 | D:2      | Reached skill level 1 in Unarmed Combat
   824 | D:2      | Reached XP level 3. HP: 19/30 MP: 3/3
  1040 | D:2      | Reached XP level 4. HP: 37/37 MP: 4/4
  1348 | D:3      | You fall into a shaft and drop 1 floor!
  1373 | D:4      | Noticed an ogre
  1382 | D:4      | Killed an ogre
  1382 | D:4      | Reached XP level 5. HP: 45/45 MP: 5/5
  1695 | D:3      | Reached XP level 6. HP: 4/52 MP: 6/6
  2772 | D:5      | Entered Level 5 of the Dungeon
  2880 | D:5      | Reached skill level 5 in Crossbows
  3231 | D:5      | Found an opulent altar of Gozag.
  3231 | D:5      | Found a hazy altar of Hepliaklqana.
  3236 | D:5      | Found a hide-covered altar of Uskayaw.
  3238 | D:5      | Found a basalt altar of Yredelemnul.
  3239 | D:5      | Found a shadowy altar of Dithmenos.
  3721 | D:6      | Your scales start taking on a rich purple colour.
  3721 | D:6      | Reached XP level 7. HP: 57/60 MP: 7/7
  4023 | D:6      | Noticed Pikel
  4044 | D:6      | Killed Pikel
  4044 | D:6      | Reached skill level 5 in Fighting
  4044 | D:6      | Reached XP level 8. HP: 9/69 MP: 8/8
  4371 | D:6      | Found a staircase to the Ecumenical Temple.
  4453 | Temple   | Entered the Ecumenical Temple
  4730 | D:6      | Found Aghuepefra's Book Emporium.
  4956 | D:6      | Noticed Eustachio
  4974 | D:6      | Killed Eustachio
  4974 | D:6      | Reached skill level 5 in Dodging
  4974 | D:6      | Reached skill level 5 in Unarmed Combat
  5149 | D:7      | HP: 2/70 [killer bee (2)]
  5151 | D:7      | Mangled by a killer bee

Levels and vault maps discovered:
D:1:      lightli_molten_gateway, layout_loops_corners, minmay_pentomino_z2
D:2:      layout_rooms
D:3:      layout_rooms
D:4:      layout_loops_corners
D:5:      layout_rooms, chequers_temple_overflow_minitemple, first_ration
D:6:      layout_basic, temple_statues, serial_shops,
          nicolae_shop_temple_entry_statues_fountains, uniq_pikel,
          uniq_eustachio
D:7:      layout_basic, the_bakery
Temple:   dpeg_chambers_temple

Skill      XL: |  1  2  3  4  5  6  7  8 |
---------------+-------------------------+-----
Crossbows      | 4 5 6 |  6.3
Dodging        | 2 3 4 5 |  5.0
Unarmed Combat | 1 2 3 4 5 |  5.0
Fighting       | 3 4 5 6 |  6.1
Stealth        | |  0.8

Action                   |  1- 3 |  4- 6 |  7- 9 || total
-------------------------+-------+-------+-------++-------
Melee: Unarmed           |       |    71 |    14 ||    85
       Tailslap          |       |     5 |       ||     5
 Fire: Hand crossbow     |    53 |   131 |    68 ||   252
 Abil: Breathe Dispellin |       |       |     8 ||     8
  Use: Scroll            |       |    12 |     1 ||    13
       Potion            |       |     4 |     5 ||     9
  Eat: Chunk             |       |     6 |     5 ||    11
       Ration            |       |     1 |       ||     1
Armor: Skin              |     3 |    43 |    14 ||    60
Dodge: Dodged            |     2 |    82 |    49 ||   133

Table legend:
 A = Non-vault XP
 B = Vault XP
 C = Vault XP percentage of total XP
 D = Non-vault monster count
 E = Vault monster count
 F = Vault count percentage of total count
                 A         B        C        D         E       F
            +---------+---------+-------+---------+---------+-------
      Total |    1395 |     806 |  36.6 |      92 |       4 |   4.2
            +---------+---------+-------+---------+---------+-------
        D:1 |      16 |       3 |  15.8 |       9 |       2 |  18.2
        D:2 |     126 |       0 |   0.0 |      17 |       0 |   0.0
        D:3 |     134 |       0 |   0.0 |      35 |       0 |   0.0
        D:4 |     158 |       0 |   0.0 |       5 |       0 |   0.0
        D:5 |     272 |       0 |   0.0 |      14 |       0 |   0.0
        D:6 |     689 |     803 |  53.8 |      12 |       2 |  14.3
            +---------+---------+-------+---------+---------+-------
